[Event "WSTCC-65 2024"]
[Site "Krakow"]
[Date "2024.07.06"]
[Round "5.1"]
[White "Nunn, John D M"]
[Black "Sharif, Mehrshad"]
[Result "1-0"]
[ECO "C11"]
[WhiteElo "2552"]
[BlackElo "2324"]
[Annotator "RC"]
[PlyCount "75"]
[EventDate "2024.07.01"]
[EventType "team-tourn"]
[EventCountry "POL"]
[SourceTitle "playchess.com"]
[Source "ChessBase"]
[SourceQuality "1"]
[TimeControl "40/5400+30:1800+30"]

1. e4 e6 2. d4 d5 3. Nc3 Nf6 4. e5 Nfd7 5. f4 c5 6. Nf3 Nc6 7. Be3 a6 8. Qd2 b5 9. h4 b4 10. Na4 Qa5 11. Nxc5 Nxc5 12. dxc5 Bxc5 13. h5 h6 14. Bd3 Qb6 15. Bxc5 Qxc5 16. Qf2 Qxf2+ 17. Kxf2 Ke7 18. a3 Bd7 19. Ke3 Rhb8 20. b3 a5 21. a4 Rc8 22. g4 f6 23. Rag1 fxe5 24. fxe5 Rf8 25. g5 Rxf3+ 26. Kxf3 Nxe5+ 27. Ke2 Kd6 28. gxh6 gxh6 29. Rg7 Rc8 30. Rh7 Rg8 31. Rxh6 Rg2+ 32. Ke1 Nxd3+ 33. cxd3 Bxa4 34. Rh8 Bb5 35. h6 Bxd3 36. h7 Bxh7 37. R1xh7 e5 38. Ra7 1-0

[Event "WSTCC-65 2024"]
[Site "Krakow"]
[Date "2024.07.06"]
[Round "5.1"]
[White "Garcia Palermo, Carlos Horacio"]
[Black "Janocha, Wieslaw"]
[Result "0-1"]
[ECO "D12"]
[WhiteElo "2419"]
[BlackElo "2167"]
[Annotator "TA"]
[PlyCount "130"]
[EventDate "2024.07.01"]
[EventType "team-tourn"]
[EventCountry "POL"]
[SourceTitle "playchess.com"]
[Source "ChessBase"]
[SourceQuality "1"]
[TimeControl "40/5400+30:1800+30"]

1. d4 Nf6 2. Nf3 d5 3. c4 c6 4. e3 Bf5 5. Nc3 e6 6. Bd3 Bg6 7. O-O Nbd7 8. Qe2 Bb4 9. Bd2 a5 10. Bxg6 hxg6 11. cxd5 {[%emt 0:00:14] The position is equal.} cxd5 (11... exd5 $11 12. a3 Be7) 12. Rfc1 Bd6 13. h3 O-O 14. Nb5 Ne4 15. Rc2 Nb6 16. a4 Qd7 17. b3 Rfc8 18. Rxc8+ Nxc8 19. Rc1 Ne7 20. Nxd6 Qxd6 21. Qb5 Nxd2 22. Nxd2 b6 23. h4 Kf8 24. Nf3 f6 25. Qd3 Kf7 26. h5 gxh5 27. Qh7 Ng6 28. Qxh5 Rh8 29. Qg4 Ne7 30. e4 (30. Qf4 {simplifies} Qxf4 31. exf4 Rb8 32. Rc7) 30... dxe4 31. Qxe4 Nd5 32. g3 Qd7 33. Qc2 Ne7 34. Qc7 {[%emt 0:01:05] [#]} (34. Qd3 $11 {keeps the balance.}) 34... Qd5 $1 $17 35. Qf4 g5 (35... Qxb3 $6 36. Ne5+ Kg8 37. Nd7 $11) 36. Qe3 Nf5 ({Black should play} 36... Qf5 $17 {...Nd5 would now be deadly.} 37. Ne1 (37. Rc7 $2 Qh3 $19) 37... Qh7) 37. Rc7+ $11 Kg6 38. Qd3 Rh3 39. Rc3 g4 $36 {[%emt 0:00:33][%mdl 2048] Black has the initiative.} 40. Nh4+ {[%emt 0:01:24][%mdl 8192] [#] Now White is beyond hope.} (40. Nh2 $1 $11 {and White is okay.}) 40... Kf7 $1 $19 41. Kf1 $2 (41. Rc7+ Kf8 42. Rc8+ Ke7 43. Nxf5+ Kd7 44. Kf1) 41... Rh1+ ({Not} 41... Nxh4 42. Qh7+ Ke8 43. Qg8+ (43. Rc8+ Qd8 44. Qg8+ Ke7 45. Qxd8+ Kf7 46. Qg8+ Ke7 47. Qf8+ Kd7 48. Qd8#) 43... Ke7 44. Rc7+ (44. Qxg4 $2 {perishes.} Rh1+ 45. Ke2 Nf5 $19) (44. Qxg4 $2 Rh1+ 45. Ke2 Nf5 $19)) (41... Qxd4 42. Rc7+ Ke8 43. Qxd4 (43. Qb5+ $2 Kd8 $19) 43... Nxd4 44. Kg2 $11) 42. Ke2 Nxd4+ 43. Kd2 {[%emt 0:00:28] Threatening mate with Qh7+.} Qg5+ (43... f5 $142 44. Ng2 e5) 44. Qe3 e5 {[%emt 0:00:14] And now ...Rf1 would win.} 45. Rc7+ $2 (45. f4 gxf3 46. Qxg5 fxg5 47. Nxf3) 45... Ke6 46. Rb7 Nxb3+ 47. Kc3 Qxe3+ 48. fxe3 {[%emt 0:00:06][%mdl 4096] Endgame. KRN-KRN} Nc5 $1 49. Rxb6+ Kd5 50. Rb5 Rc1+ 51. Kb2 Rc4 52. Nf5 Rxa4 53. Kc3 {[%emt 0:00:17] Dodges Rb4} (53. Nh6 $142) 53... Rc4+ 54. Kd2 a4 55. Ra5 Kc6 {[%emt 0:01:14] ( -> ...Nb3+)} 56. Ra8 Kb7 57. Rf8 Nb3+ (57... Ne4+ $142 58. Kd3 a3 (58... Rb4 $2 59. Rf7+ Kc6 60. Rf8 $19) 59. Rf7+ Kb6 (59... Rc7 $2 60. Rxc7+ Kxc7 61. Kc2 $19)) 58. Kd3 Rc6 {[%emt 0:00:02] Hoping for ...a3.} 59. Rf7+ Ka6 {[%emt 0:00:56] Strongly threatening ...a3.} 60. Ne7 Rc5 {[%emt 0:02:16] Threatens to win with ...a3.} 61. Rxf6+ Kb5 62. e4 a3 {[%emt 0:01:32] Black mates.} 63. Nd5 a2 64. Rb6+ Ka4 65. Ra6+ Na5 {[%emt 0:00:06] Weighted Error Value: White=0.41/Black=0.33.  Loses game:     	White=1     	---        Mistake:       	White=4     	Black=3      Inaccurate:     	White=2     	Black=1      OK:         	White=17    	Black=17     Best:        	White=2     	Black=5      Strong:       	---       	Black=2} 0-1

[Event "WSTCC-65 2024"]
[Site "Krakow"]
[Date "2024.07.06"]
[Round "5.1"]
[White "Carvalho, Herbert Abreu"]
[Black "Sanetra, Piotr"]
[Result "1-0"]
[ECO "D30"]
[WhiteElo "2123"]
[BlackElo "2024"]
[Annotator "RC"]
[PlyCount "35"]
[EventDate "2024.07.01"]
[EventType "team-tourn"]
[EventCountry "POL"]
[SourceTitle "playchess.com"]
[Source "ChessBase"]
[SourceQuality "1"]
[TimeControl "40/5400+30:1800+30"]

1. d4 d5 2. c4 e6 3. Nf3 Nf6 4. g3 dxc4 5. Qa4+ Nbd7 6. Bg2 a6 7. Qxc4 b5 8. Qc6 Rb8 9. O-O Bb7 10. Qc2 Rc8 11. a4 c5 12. axb5 axb5 13. Bd2 cxd4 14. Qd3 Qb6 15. Ba5 Qc5 16. Nbd2 Ne5 17. Nxe5 Bxg2 18. Rfc1 1-0

[Event "WSTCC-65 2024"]
[Site "Krakow"]
[Date "2024.07.06"]
[Round "5.2"]
[White "Roos, Daniel"]
[Black "Kosten, Anthony C."]
[Result "1/2-1/2"]
[ECO "A05"]
[WhiteElo "2307"]
[BlackElo "2360"]
[Annotator "RC"]
[PlyCount "48"]
[EventDate "2024.07.01"]
[EventType "team-tourn"]
[EventCountry "POL"]
[SourceTitle "playchess.com"]
[Source "ChessBase"]
[SourceQuality "1"]
[TimeControl "40/5400+30:1800+30"]

1. Nf3 Nf6 2. g3 d5 3. Bg2 e6 4. O-O Bd6 5. d3 O-O 6. Nc3 Nc6 7. Nd2 d4 8. Nce4 Nxe4 9. Nxe4 Be7 10. c3 e5 11. cxd4 exd4 12. Nd2 a5 13. Nc4 Nb4 14. Bd2 a4 15. a3 Nd5 16. Rc1 Be6 17. Qc2 c6 18. e4 dxe3 19. fxe3 Bf6 20. d4 Re8 21. Qd3 Nc7 22. Bb4 Nd5 23. Bd2 Nc7 24. Bb4 Nd5 1/2-1/2

[Event "WSTCC-65 2024"]
[Site "Krakow"]
[Date "2024.07.06"]
[Round "5.2"]
[White "Swierczewski, Marek"]
[Black "Messa, Roberto"]
[Result "1/2-1/2"]
[ECO "C55"]
[WhiteElo "2059"]
[BlackElo "2262"]
[Annotator "RC"]
[PlyCount "103"]
[EventDate "2024.07.01"]
[EventType "team-tourn"]
[EventCountry "POL"]
[SourceTitle "playchess.com"]
[Source "ChessBase"]
[SourceQuality "1"]
[TimeControl "40/5400+30:1800+30"]

1. e4 e5 2. Nf3 Nc6 3. Bc4 Nf6 4. d3 Be7 5. O-O O-O 6. Nbd2 d6 7. c3 h6 8. Bb3 Be6 9. Bc2 Bg4 10. Re1 Nd7 11. h3 Bh5 12. Nf1 Bg5 13. g4 Bxc1 14. Rxc1 Bg6 15. Ng3 Qf6 16. b4 a5 17. b5 Nd8 18. d4 Ne6 19. Nf5 Rfe8 20. Kh2 Bxf5 21. exf5 Ng5 22. Nxg5 hxg5 23. Be4 Rab8 24. Kg2 Re7 25. Qf3 exd4 26. cxd4 Qxd4 27. Rxc7 Ne5 28. Qc3 Qxc3 29. Rxc3 Kf8 30. f3 Rd7 31. Bd5 Re7 32. Rec1 Rbe8 33. Rc8 Nd3 34. Rxe8+ Kxe8 35. Rd1 Nf4+ 36. Kf1 Kd8 37. b6 Nxd5 38. Rxd5 Kd7 39. Rxa5 Kc6 40. Ra4 Kxb6 41. Kf2 f6 42. Rc4 d5 43. Rc8 Rc7 44. Rd8 Kc5 45. Ke3 b5 46. Kd3 Ra7 47. Rc8+ Kd6 48. Rb8 Ra3+ 49. Kd4 Ra4+ 50. Kd3 Ra3+ 51. Kd4 Rxf3 52. Rb6+ 1/2-1/2

[Event "WSTCC-65 2024"]
[Site "Krakow"]
[Date "2024.07.06"]
[Round "5.2"]
[White "Kusina, Jan"]
[Black "Barreto, Ignacio C. de Barros"]
[Result "1-0"]
[ECO "A46"]
[WhiteElo "1969"]
[BlackElo "2059"]
[Annotator "NA RC"]
[PlyCount "75"]
[EventDate "2024.07.01"]
[EventType "team-tourn"]
[EventCountry "POL"]
[SourceTitle "playchess.com"]
[Source "ChessBase"]
[SourceQuality "1"]
[TimeControl "40/5400+30:1800+30"]

1. d4 Nf6 2. Nf3 e6 3. Bg5 h6 4. Bh4 c5 5. e3 Qb6 6. b3 Nc6 7. c3 cxd4 8. exd4 g5 9. Bg3 Ne4 10. Bd3 Nxg3 11. hxg3 Bg7 12. Nbd2 d5 13. O-O Bd7 14. Re1 O-O 15. Nf1 Rfc8 16. Rc1 Qa5 17. Bb1 Kf8 18. Ne3 b5 19. Qd3 Rc7 20. Ng4 f5 21. Nge5 Nxe5 22. Nxe5 Bxe5 23. Rxe5 Rac8 24. Re3 Qa3 25. Rc2 b4 26. Qd2 Qa5 27. cxb4 Rxc2 28. Bxc2 Qxa2 29. Re2 Bb5 30. Bd3 Qa1+ 31. Re1 Qxd4 32. Qe2 Bxd3 33. Qxe6 Qc3 34. Qxh6+ Kf7 35. Qh7+ Kf8 36. Qe7+ Kg8 37. Qxg5+ Qg7 38. Qe7 1-0

[Event "WSTCC-65 2024"]
[Site "Krakow"]
[Date "2024.07.06"]
[Round "5.3"]
[White "Mestel, A Jonathan"]
[Black "Legky, Nikolay A"]
[Result "1/2-1/2"]
[ECO "A13"]
[WhiteElo "2470"]
[BlackElo "2339"]
[Annotator "RC"]
[PlyCount "29"]
[EventDate "2024.07.01"]
[EventType "team-tourn"]
[EventCountry "POL"]
[SourceTitle "playchess.com"]
[Source "ChessBase"]
[SourceQuality "1"]
[TimeControl "40/5400+30:1800+30"]

1. c4 e6 2. Nf3 d5 3. g3 d4 4. e3 Nc6 5. Bg2 Nh6 6. O-O Nf5 7. d3 dxe3 8. fxe3 h5 9. Nc3 h4 10. g4 h3 11. Bh1 Nh4 12. d4 Qd7 13. Nxh4 Rxh4 14. Bf3 b6 15. Bd2 1/2-1/2

[Event "WSTCC-65 2024"]
[Site "Krakow"]
[Date "2024.07.06"]
[Round "5.3"]
[White "Cocozza, Mario"]
[Black "Czajkowski, Ryszard"]
[Result "1/2-1/2"]
[ECO "C07"]
[WhiteElo "2206"]
[BlackElo "1975"]
[Annotator "RC"]
[PlyCount "136"]
[EventDate "2024.07.01"]
[EventType "team-tourn"]
[EventCountry "POL"]
[SourceTitle "playchess.com"]
[Source "ChessBase"]
[SourceQuality "1"]
[TimeControl "40/5400+30:1800+30"]

1. e4 e6 2. d4 d5 3. Nd2 c5 4. exd5 Qxd5 5. Ngf3 cxd4 6. Bc4 Qd6 7. O-O Nc6 8. Nb3 Nf6 9. Nbxd4 Nxd4 10. Nxd4 a6 11. c3 Qc7 12. Be2 Be7 13. Re1 O-O 14. Bf3 e5 15. Nc2 h6 16. g3 Bh3 17. Qe2 Bd6 18. Ne3 e4 19. Bg2 Bxg2 20. Kxg2 Rad8 21. Nc4 Qc6 22. Kg1 Bc7 23. Be3 b5 24. Nd2 Nd7 25. Bd4 f5 26. f3 Bb6 27. fxe4 f4 28. Kg2 fxg3 29. hxg3 Ne5 30. Bxb6 Qxb6 31. Rf1 h5 32. Rxf8+ Rxf8 33. Rf1 Rxf1 34. Nxf1 Ng4 35. Nh2 Ne3+ 36. Kh1 g6 37. Qf2 Nc4 38. Qxb6 Nxb6 39. b3 Nd7 40. Nf3 Nc5 41. Nd2 Kf7 42. Kg2 g5 43. Kf3 Kf6 44. Ke3 h4 45. gxh4 gxh4 46. Nf3 h3 47. Kd4 Ne6+ 48. Kd5 Nf4+ 49. Kd6 Ng6 50. c4 bxc4 51. bxc4 Ne5 52. Nxe5 Kg5 53. c5 Kf4 54. Ng4 Kxg4 55. c6 h2 56. c7 h1=Q 57. c8=Q+ Kf4 58. Qf5+ Ke3 59. Qg5+ Kd4 60. Qc5+ Kd3 61. e5 Qh2 62. a3 Ke4 63. Qa5 Kf5 64. Qc3 Qh6+ 65. Kc5 Qe6 66. a4 Qxe5+ 67. Qxe5+ Kxe5 68. a5 Ke6 1/2-1/2

[Event "WSTCC-65 2024"]
[Site "Krakow"]
[Date "2024.07.06"]
[Round "5.3"]
[White "Moyses Sobrinho, Elias"]
[Black "Irlik, Andrzej"]
[Result "1-0"]
[ECO "A43"]
[WhiteElo "1908"]
[BlackElo "1983"]
[Annotator "NA RC"]
[PlyCount "117"]
[EventDate "2024.07.01"]
[EventType "team-tourn"]
[EventCountry "POL"]
[SourceTitle "playchess.com"]
[Source "ChessBase"]
[SourceQuality "1"]
[TimeControl "40/5400+30:1800+30"]

1. d4 Nf6 2. c4 c5 3. d5 d6 4. Nc3 g6 5. e4 Bg7 6. Nf3 Nbd7 7. Bd3 O-O 8. h3 a6 9. O-O Ne8 10. Bf4 Ne5 11. Nxe5 dxe5 12. Be3 Qc7 13. Na4 b6 14. b4 Bd7 15. bxc5 Bxa4 16. Qxa4 bxc5 17. Qa3 Rc8 18. Qxa6 Nd6 19. Rfb1 f5 20. f3 Ra8 21. Qb6 Qxb6 22. Rxb6 Ra3 23. Rb3 Rfa8 24. Rab1 Rxa2 25. Bxc5 fxe4 26. fxe4 Bh6 27. Bf2 Rd2 28. Rb8+ Rxb8 29. Rxb8+ Kf7 30. Rb3 Rd1+ 31. Kh2 Rc1 32. c5 Nc4 33. Bxc4 Rxc4 34. c6 Rc2 35. Bg3 Kf6 36. Rf3+ Bf4 37. Bxf4 exf4 38. Rxf4+ Ke5 39. Kg3 g5 40. Rf2 Rc3+ 41. Rf3 Rc2 42. Rf5+ Kxe4 43. Rxg5 h6 44. Rh5 Rc3+ 45. Kg4 Rc4 46. h4 Rc3 47. g3 Rc4 48. Rxh6 Kxd5+ 49. Kf5 Rc2 50. h5 e6+ 51. Kg5 Rxc6 52. Rg6 Rc1 53. h6 Rh1 54. Rg8 e5 55. g4 e4 56. Kg6 Ke5 57. h7 Kf4 58. g5 e3 59. h8=Q 1-0

[Event "WSTCC-65 2024"]
[Site "Krakow"]
[Date "2024.07.06"]
[Round "5.4"]
[White "Roos, Louis"]
[Black "Littlewood, Paul E"]
[Result "1-0"]
[ECO "A05"]
[WhiteElo "2288"]
[BlackElo "2318"]
[Annotator "TA"]
[PlyCount "75"]
[EventDate "2024.07.01"]
[EventType "team-tourn"]
[EventCountry "POL"]
[SourceTitle "playchess.com"]
[Source "ChessBase"]
[SourceQuality "1"]
[TimeControl "40/5400+30:1800+30"]

1. Nf3 Nf6 2. g3 g6 3. Bg2 Bg7 4. c4 O-O 5. O-O d6 6. Nc3 c6 7. Rb1 a5 8. d3 e5 9. a3 Re8 10. e4 Nbd7 11. h3 h6 12. Be3 {[%emt 0:03:35] White has an edge.} b6 13. b4 axb4 14. axb4 Bb7 15. Qd2 Kh7 16. b5 c5 17. Ra1 Nf8 18. Rxa8 Qxa8 19. Qb2 N6d7 {[%emt 0:01:37] White stays focused until the end.} 20. Ra1 Qb8 21. Qa3 {[%emt 0:01:16] White has more active pieces.} Qc7 (21... Nf6 $16) 22. Nd5 $18 Bxd5 23. cxd5 f5 24. Qa7 Qd8 25. Ra4 Qf6 26. Qc7 f4 27. Bd2 fxg3 28. fxg3 Re7 (28... c4 $142 29. Rxc4 Nc5 30. Qxb6 Nfd7) 29. Ra7 Rf7 30. h4 Kg8 31. Be3 {[%emt 0:02:32] [#] Black must now prevent Nd2.} Nh7 $2 (31... g5 {might work better.} 32. h5 (32. hxg5 hxg5 33. Nh2 g4 $18) 32... Qe7) 32. Qc8+ {[%emt 0:00:44] Black is weak on the light squares} Nhf8 33. Nh2 Kh7 34. Bh3 (34. Ng4 $142 Qe7 35. Kh2) 34... Qe7 (34... h5 {is more resistant.}) 35. Kg2 {[%emt 0:02:45] White is clearly winning.} Bf6 36. Nf3 Kg7 37. Ra8 Kh7 {[%emt 0:01:34] [#]} 38. Be6 $1 {[%emt 0:01:28][%mdl 512] Weighted Error Value: White=0.14 (very precise) /Black=0.52.  Mistake:       	White=1     	Black=4      Inaccurate:     	---       	Black=3      OK:         	White=13    	Black=10     Best:        	White=1     	---} 1-0

[Event "WSTCC-65 2024"]
[Site "Krakow"]
[Date "2024.07.06"]
[Round "5.4"]
[White "Krupa, Krzysztof"]
[Black "Ceschia, Ivano"]
[Result "0-1"]
[ECO "B30"]
[WhiteElo "1947"]
[BlackElo "2180"]
[Annotator "RC"]
[PlyCount "92"]
[EventDate "2024.07.01"]
[EventType "team-tourn"]
[EventCountry "POL"]
[SourceTitle "playchess.com"]
[Source "ChessBase"]
[SourceQuality "1"]
[TimeControl "40/5400+30:1800+30"]

1. e4 c5 2. Nf3 Nc6 3. Bb5 e6 4. O-O Nge7 5. Re1 a6 6. Bf1 g6 7. d4 cxd4 8. Nxd4 Bg7 9. Nxc6 Nxc6 10. Nc3 Qb6 11. Qd6 Qb4 12. Qxb4 Nxb4 13. Bd3 d6 14. Bg5 Bd7 15. Rad1 b5 16. a3 Nc6 17. Bf1 h6 18. Bf4 Be5 19. Be3 g5 20. g3 g4 21. Be2 h5 22. Bf4 Ke7 23. Rd2 Rad8 24. Bg5+ f6 25. Be3 Bc8 26. Red1 Bb7 27. h3 Bxc3 28. bxc3 Ne5 29. Bb6 Rd7 30. Rd4 Rc8 31. Ba5 Nc6 32. Bb4 Nxd4 33. Rxd4 e5 34. Rd2 Bxe4 35. hxg4 hxg4 36. Bxg4 Rh8 37. f3 f5 38. fxe4 fxg4 39. a4 bxa4 40. Rd5 Ke6 41. Ra5 Ra8 42. Rxa4 a5 43. Rxa5 Rxa5 44. Bxa5 Ra7 45. Bb4 Ra2 46. Kf1 Rxc2 0-1

[Event "WSTCC-65 2024"]
[Site "Krakow"]
[Date "2024.07.06"]
[Round "5.4"]
[White "Turecki, Stanislaw"]
[Black "Vieira, Alexandre Letizio"]
[Result "1-0"]
[ECO "B12"]
[WhiteElo "1873"]
[BlackElo "1825"]
[Annotator "NA RC"]
[PlyCount "131"]
[EventDate "2024.07.01"]
[EventType "team-tourn"]
[EventCountry "POL"]
[SourceTitle "playchess.com"]
[Source "ChessBase"]
[SourceQuality "1"]
[TimeControl "40/5400+30:1800+30"]

1. e4 c6 2. d4 d5 3. e5 c5 4. c3 Nc6 5. Be3 Nh6 6. Nf3 Nf5 7. Bb5 Nxe3 8. fxe3 e6 9. O-O Bd7 10. Nbd2 Be7 11. Ba4 O-O 12. Bc2 Qb6 13. Rb1 f5 14. Nb3 c4 15. Nc1 Qd8 16. Ne2 g5 17. Kh1 Be8 18. Qe1 Bg6 19. Nfg1 b5 20. a4 a6 21. Ra1 b4 22. g4 fxg4 23. Bxg6 hxg6 24. Qg3 Qd7 25. Qxg4 b3 26. Nf3 Rae8 27. Rg1 Kg7 28. Nxg5 Rf5 29. Nh7 g5 30. Nf6 Bxf6 31. exf6+ Kxf6 32. Ng3 Rg8 33. Nxf5 exf5 34. Raf1 Ne7 35. h4 Rg7 36. hxg5+ Kg6 37. Qf4 Qe6 38. Rg3 Qe4+ 39. Qxe4 dxe4 40. Kg2 Rh7 41. Rh1 Rxh1 42. Kxh1 a5 43. Kh2 Nd5 44. Kh3 Nb6 45. Kh4 Nd5 46. Rh3 Kg7 47. Kh5 f4 48. Kg4 f3 49. Kf5 f2 50. Rh1 f1=Q+ 51. Rxf1 Nxe3+ 52. Kxe4 Nxf1 53. d5 Nd2+ 54. Kd4 Nf3+ 55. Kxc4 Nxg5 56. Kxb3 Kf6 57. Kc4 Ke5 58. Kb5 Kxd5 59. Kxa5 Ne4 60. Kb6 Nd6 61. b3 Nc8+ 62. Kc7 Nd6 63. c4+ Kc5 64. a5 Nb5+ 65. cxb5 Kxb5 66. b4 1-0

[Event "WSTCC-65 2024"]
[Site "Krakow"]
[Date "2024.07.06"]
[Round "5.5"]
[White "Pigott, John C"]
[Black "Mikhalevski, Alexander"]
[Result "1/2-1/2"]
[ECO "A13"]
[WhiteElo "2290"]
[BlackElo "2393"]
[Annotator "TA"]
[PlyCount "44"]
[EventDate "2024.07.01"]
[EventType "team-tourn"]
[EventCountry "POL"]
[SourceTitle "playchess.com"]
[Source "ChessBase"]
[SourceQuality "1"]
[TimeControl "40/5400+30:1800+30"]

1. c4 e6 2. g3 d5 3. Bg2 dxc4 4. Qa4+ Nd7 5. Qxc4 a6 6. Qc2 Ngf6 7. Nf3 c5 8. Nc3 Bd6 9. O-O Qc7 10. d4 b5 {[%emt 0:08:59] White is slightly better.} 11. dxc5 Nxc5 12. Bg5 {[%emt 0:14:02] [#] Rac1 is the strong threat.} Bb7 13. Rac1 {[%emt 0:01:32] Threatens to win with Bxf6.} Rc8 (13... O-O $11) 14. Qd2 $16 {[%emt 0:06:16] aiming for b4.} Qb8 {[%emt 0:01:21] [#]} 15. Rfd1 (15. Bxf6 $1 $16 gxf6 16. Rfd1) 15... Nce4 $11 16. Nxe4 Nxe4 17. Rxc8+ Qxc8 18. Qd3 {[%emt 0:00:20][%cal Of3e5] Ne5! would now be deadly.} O-O 19. Ne1 Nxg5 20. Qxd6 Bxg2 21. Kxg2 Ne4 22. Qd7 Qa8 {[%emt 0:03:18] Weighted Error Value: White=0.14 (very precise) /Black=0.15 (very precise) .  Mistake:       	White=1     	Black=1      Inaccurate:     	White=1     	---        OK:         	White=7     	Black=6      Best:        	White=1     	Black=1} 1/2-1/2

[Event "WSTCC-65 2024"]
[Site "Krakow"]
[Date "2024.07.06"]
[Round "5.5"]
[White "Kyas, Juergen"]
[Black "Renman, Nils-Gustaf"]
[Result "1/2-1/2"]
[ECO "C09"]
[WhiteElo "2173"]
[BlackElo "2314"]
[Annotator "TA"]
[PlyCount "139"]
[EventDate "2024.07.01"]
[EventType "team-tourn"]
[EventCountry "POL"]
[SourceTitle "playchess.com"]
[Source "ChessBase"]
[SourceQuality "1"]
[TimeControl "40/5400+30:1800+30"]

1. e4 e6 2. d4 d5 3. Nd2 c5 4. Ngf3 Nc6 5. exd5 exd5 6. Bb5 Qe7+ 7. Be2 Qc7 8. O-O Nf6 9. Re1 cxd4 10. Nb3 Bb4 11. Bd2 Bxd2 12. Qxd2 O-O 13. Nfxd4 Bd7 14. Bd3 Rfe8 15. h3 Ne5 16. Qf4 Nh5 17. Qd2 Nc4 18. Qc3 Nf4 (18... Rac8 {mit weiteren Verwicklungen.} 19. Rad1 Nf4 20. Nf5 Ne5) 19. Bxc4 (19. Ne2 {sieht schärfer aus.} b5 20. Rad1 h6 21. Nbd4) 19... dxc4 20. Nd2 b5 21. Qg3 Qd6 22. N2f3 h6 23. Kh2 Qf6 24. Re3 Rxe3 25. fxe3 Nd5 26. e4 Nb6 27. Rf1 Rc8 28. c3 Re8 29. Re1 Na4 30. Qc7 Qd8 31. Qxa7 Nxb2 32. Rb1 {[%emt 0:02:45] [#]} Na4 $1 33. Nxb5 Bxb5 34. Rxb5 Nxc3 35. Rb7 Nxe4 36. Rxf7 Qd6+ 37. Kg1 Ng5 (37... Qg6 {vereinfacht} 38. Re7 c3 39. Rxe8+ Qxe8 40. Qb7 Kh8) 38. Nxg5 Qd1+ $2 (38... Re1+ $11 {und Schwarz steht sicher.} 39. Rf1 Rxf1+ 40. Kxf1 Qd3+ (40... hxg5 41. Qa8+ Kh7 42. Qe4+ g6 43. Qxc4 $14) 41. Kf2 hxg5) 39. Kh2 $2 (39. Rf1 $18 {Beabsichtigt Qf7+ und Matt.} Qd5 40. Nf3) 39... Qd6+ $11 ({Und nicht} 39... hxg5 40. Rxg7+ Kh8 41. Rh7+ Kg8 42. Qg7#) 40. Kg1 Re1+ ({Schwächer ist} 40... hxg5 41. Rxg7+ Kh8 42. Rh7+ Kg8 43. Qg7#) 41. Rf1 Rxf1+ 42. Kxf1 Qd3+ 43. Kf2 hxg5 44. Qe7 Qf5+ 45. Ke2 Qc2+ 46. Ke1 Qb1+ 47. Kd2 Qxa2+ 48. Kc1 Qa1+ 49. Kc2 Qa4+ 50. Kd2 Qb5 51. Kc2 Qb3+ 52. Kc1 Qc3+ 53. Kd1 Qd4+ 54. Ke2 Qb2+ 55. Ke3 Qb6+ 56. Kd2 Qa5+ 57. Kc2 Qf5+ 58. Kb2 Kh7 59. Qe8 Qf6+ 60. Ka3 Qg6 61. Qe3 {[%emt 0:01:29] [#]} (61. Qxg6+ $11 {bleibt in der Remisbreite.} Kxg6 62. Kb4) 61... Qd6+ (61... Qa6+ $1 $17 62. Kb4 Qb7+ 63. Kxc4 Qxg2) 62. Kb2 $11 Qd5 63. Qe2 Qb5+ 64. Kc3 Qb3+ 65. Kd4 Qb6+ 66. Kc3 Qa5+ 67. Kd4 Qa1+ 68. Kc5 Qa7+ 69. Kb4 Qb6+ 70. Kc3 1/2-1/2

[Event "WSTCC-65 2024"]
[Site "Krakow"]
[Date "2024.07.06"]
[Round "5.5"]
[White "Becker, Norbert"]
[Black "Freeman, Richard C P"]
[Result "1/2-1/2"]
[ECO "B01"]
[WhiteElo "2047"]
[BlackElo "1951"]
[Annotator "NA RC"]
[PlyCount "79"]
[EventDate "2024.07.01"]
[EventType "team-tourn"]
[EventCountry "POL"]
[SourceTitle "playchess.com"]
[Source "ChessBase"]
[SourceQuality "1"]
[TimeControl "40/5400+30:1800+30"]

1. e4 d5 2. exd5 Nf6 3. Nf3 Bg4 4. Bb5+ Nbd7 5. h3 Bxf3 6. Qxf3 a6 7. Bxd7+ Qxd7 8. c4 O-O-O 9. O-O e6 10. dxe6 Qxe6 11. b3 Qe5 12. Nc3 Bd6 13. g3 h5 14. Bb2 h4 15. Rfe1 Qg5 16. g4 Qxd2 17. Qf5+ Kb8 18. Re2 Qf4 19. Qxf4 Bxf4 20. Ne4 Rhe8 21. Rae1 Nxe4 22. Rxe4 Rxe4 23. Rxe4 g5 24. Kg2 Kc8 25. Re7 Rd7 26. Re8+ Rd8 27. Rxd8+ Kxd8 28. Kf3 Kd7 29. Ke4 Ke6 30. Bd4 f6 31. f3 Bc1 32. Bc3 Bf4 33. Ba5 Bd6 34. Bd2 Be7 35. Be3 Bd6 36. Bg1 Be7 37. Bh2 c6 38. Bg1 Bd6 39. Bb6 Be7 40. Be3 1/2-1/2

[Event "WSTCC-65 2024"]
[Site "Krakow"]
[Date "2024.07.06"]
[Round "5.6"]
[White "Bykhovsky, Avigdor"]
[Black "Baker, Chris W"]
[Result "1/2-1/2"]
[ECO "A15"]
[WhiteElo "2335"]
[BlackElo "2198"]
[Annotator "TA"]
[PlyCount "30"]
[EventDate "2024.07.01"]
[EventType "team-tourn"]
[EventCountry "POL"]
[SourceTitle "playchess.com"]
[Source "ChessBase"]
[SourceQuality "1"]
[TimeControl "40/5400+30:1800+30"]

1. c4 Nf6 2. g3 c5 3. Bg2 g6 4. Nc3 Bg7 5. e4 Nc6 6. Nge2 O-O 7. d3 d6 8. O-O Bd7 9. h3 a6 10. a3 Rb8 11. Rb1 b5 12. cxb5 axb5 13. b4 cxb4 14. axb4 Ne8 15. Kh2 Nc7 {[%emt 0:03:10] OK:         	---       	Schwarz=1} 1/2-1/2